 Dungeon Crawl Stone Soup version 0.20.0-8-g6b59dc7 (webtiles) character file.

44 geeseburger the Skirmisher (level 3, -1/29 HPs)
             Began as a Demonspawn Abyssal Knight on June 2, 2017.
             Was a Believer of Lugonu.
             Slain by an orc
             ... wielding a +0 dagger
              (2 damage)
             ... on level 3 of the Dungeon.
             The game lasted 00:07:37 (2261 turns).

geeseburger the Skirmisher (DsAK)                   Turns: 2261, Time: 00:07:38

Health: -1/29      AC:  4    Str: 13    XL:     3   Next: 39%
Magic:  4/4        EV: 16    Int: 13    God:    Lugonu [**....]
Gold:   83         SH:  0    Dex: 21    Spells: 2/2 levels left

rFire    + . .     SeeInvis .   a - +1 mace
rCold    + . .     Gourm    .   (no shield)
rNeg     . . .     Faith    .   e - +0 leather armour
rPois    .         Spirit   .   (no helmet)
rElec    .         Reflect  .   k - +0 cloak
rCorr    .         Harm     .   (no gloves)
MR       .....                  (no boots)
Stlth    ++++......             (no amulet)
Regen    0.1/turn               g - +4 ring of dexterity
MPRegen  0.1/turn               c - ring of protection from cold

@: agile, flying
A: fire resistance 1, nightstalker 1
a: Depart the Abyss, Bend Space, Renounce Religion


You were on level 3 of the Dungeon.
You worshipped Lugonu.
Lugonu was pleased with you.
You were not hungry.

You visited 1 branch of the dungeon, and saw 3 of its levels.
You visited the Abyss 1 time.

You collected 83 gold pieces.

Inventory:

Hand Weapons
 a - a +1 mace (weapon)
Armour
 e - a +0 leather armour (worn)
 k - a +0 cloak (worn)
Jewellery
 c - a ring of protection from cold (right hand)
 g - a +4 ring of dexterity (left hand)
 j - an uncursed ring of protection from fire {unknown}
 n - an uncursed ring of magical power {unknown}
Wands
 l - a wand of iceblast (10/15)
Scrolls
 i - a scroll of fog
Comestibles
 d - a royal jelly
 m - a bread ration


   Skills:
 + Level 3.6 Fighting
 + Level 2.1 Maces & Flails
 * Level 2.4 Armour
 + Level 0.8 Dodging
 + Level 0.4 Stealth
 + Level 2.5 Invocations


You had 2 spell levels left.
You didn't know any spells.

Dungeon Overview and Level Annotations

Branches:
Dungeon (3/15)

Altars:


Innate Abilities, Weirdness & Mutations

Your flesh is heat resistant. (rF+)
You are slightly more attuned to the shadows.


Message History

The orc priest calls upon Beogh to heal the orc.
The orc's wounds heal themselves!
It was a potion of cancellation.
You feel magically purged. The orc barely misses you.
It was a potion of agility.
You feel agile all of a sudden. The orc hits you with a hand axe.
* * * LOW HITPOINT WARNING * * *
You thump the orc!
You kill the orc!
Lugonu accepts your kill.
You closely miss the orc. The orc completely misses you.
You completely miss the orc. The orc closely misses you.
It was a potion of flight.
You feel very buoyant.
You fly up into the air.
The orc closely misses you.
You hit the orc.
The orc is heavily wounded.
The orc hits you with a dagger.
You die...

#.........# #.# #.#
#.###.#
##.#######...#.######
#............#.##....
#..###..#...<...#.###
#..###..#.........#
#.................#
#.##.##.#.###..####
#. #@##.#......# # #.
#o##.######.# #
#..ooo..# ##'## #
####r#### ##...## #
... #.....## # #.#
#.......### ...
#.........## ...
+.........'.
#.........##


You could see an orc priest, 3 orcs and a quokka.

Vanquished Creatures
  An adder (D:2)
  A leopard gecko (D:1)
  An orc (D:3)
  5 bats (D:1)
  A giant cockroach (D:1)
  5 goblins
  5 hobgoblins
  2 jackals (D:1)
  5 kobolds
  A rat (D:1)
27 creatures vanquished.

Notes
Turn   | Place    | Note
-------+----------+-------------------------------------------
     0 | Abyss:1  | geeseburger the Demonspawn Abyssal Knight began the quest for the Orb.
     0 | Abyss:1  | Reached XP level 1. HP: 18/18 MP: 2/2
    12 | Abyss:1  | Found a corrupted altar of Lugonu.
    23 | D:1      | Escaped the Abyss
   403 | D:1      | Gained mutation: You are slightly more attuned to the shadows. [demonic ancestry]
   403 | D:1      | Reached XP level 2. HP: 23/24 MP: 3/3
  1438 | D:2      | Reached ** piety under Lugonu
  1449 | D:2      | Gained mutation: Your flesh is heat resistant. (rF+) [demonic ancestry]
  1449 | D:2      | Reached XP level 3. HP: 11/29 MP: 4/4
  2256 | D:3      | HP: 1/29 [orc/hand axe (5)]
  2261 | D:3      | Slain by an orc

Skill      XL: |  1  2 |
---------------+-------+-----
Armour         | 2 |  2.4
Maces & Flails | 2 |  2.1
Fighting       | |  3.6
Dodging        | |  0.8
Stealth        | |  0.4
Invocations    | |  2.5

Action                   || total
-------------------------++-------
Melee: Mace              ||    82
  Use: Scroll            ||     6
       Potion            ||     3
 Stab: Sleeping          ||     4
  Eat: Royal jelly       ||     1
       Bread ration      ||     1
Armor: Leather armour    ||    43
Dodge: Dodged            ||    67
